AoeStats
← certaingoosetragedy

Golden Pit

509207706Analyzed
1v1 RM · 8d ago on Sep 25, 2026· 25m 21s· 2 players
Game mode
Random Map
Map size
Tiny (2 player)
Population
200
Speed
Normal
Resources
Standard
Victory
Conquest
Starting age
Dark Age
Ending age
Imperial Age
RankedLock teamsTeams togetherTeam positionsShared explorationLock speedFull tech treeHidden civsTurbo modeCheats
Victory
Defeat
🇺🇸 Franks · United States
854
+36
🇨🇴 Byzantines · Colombia
877
-17
certaingoosetragedy
11:13 Feudal Age
12:58 Double-Bit Axe
21:56 Castle Age
20:41 Gold Mining
21:28 Forging
21:45 Man-at-Arms
angelus millet
2:41 Loom
11:00 Feudal Age
11:36 Double-Bit Axe
19:25 Wheelbarrow
24:35 Castle Age
23:08 Stone Mining
23:20 Gold Mining
23:36 Scale Mail Armor
Connection lost

Rejoining the realm…

Still unreachable

The connection could not be restored.

Session expired

The server has moved on; the page needs a fresh start.